[Event "Titled Tuesday Blitz September 27 Early 2022"]
[White "Chernomordik, Pavel"]
[Black "Smietanska, Wiktoria"]
[WhiteFideId "2804530"]
[BlackFideId "21869359"]
[WhiteElo "2217"]
[BlackElo "1847"]
[Result "1-0"]
[Round "03"]
[TimeControl "180+1"]
[Date "2022.09.27"]
[WhiteClock "0:02:31"]
[BlackClock "0:01:19"]

1. e4 c5 2. Nc3 Nc6 3. Bb5 Nd4 4. Bc4 g6 5. Nge2 Bg7 6. Nxd4 cxd4 7. Qf3 e6 8. Nb5 Be5 9. c3 dxc3 10. d4 cxb2 11. Bxb2 Bg7 12. Nd6+ 1-0


[Site "https://www.chess.com"]

[Event "Titled Tuesday Blitz September 27 Early 2022"]
[White "Cnejev, Vladimir-Alexandru"]
[Black "Bachmann, Axel"]
[WhiteFideId "1260898"]
[BlackFideId "3700488"]
[WhiteElo "1983"]
[BlackElo "2595"]
[Result "0-1"]
[Round "03"]
[TimeControl "180+1"]
[Date "2022.09.27"]
[WhiteClock "0:00:44"]
[BlackClock "0:01:13"]

1. e4 e5 2. Nf3 Nc6 3. Bb5 a6 4. Ba4 Nf6 5. O-O b5 6. Bb3 Bb7 7. Re1 Be7 8. c3 O-O 9. d4 d6 10. Nbd2 exd4 11. cxd4 Nb4 12. Re3 c5 13. a3 Nc6 14. d5 Na5 15. Bc2 Ng4 16. Re1 Bf6 17. Rb1 Re8 18. b4 cxb4 19. axb4 Nc4 20. Nxc4 bxc4 21. Bf4 Qb6 22. Re2 Rac8 23. h3 Ne5 24. Nxe5 Bxe5 25. Be3 Qd8 26. Bd4 Qf6 27. Bxe5 Qxe5 28. Re3 f5 29. exf5 Qxd5 30. Qe2 Qxg2# 0-1


[Site "https://www.chess.com"]

[Event "Titled Tuesday Blitz September 27 Early 2022"]
[White "Concio, Michael Jr."]
[Black "Kostiukov, Alexandr"]
[WhiteFideId "5217873"]
[BlackFideId "14108100"]
[WhiteElo "1896"]
[BlackElo "2202"]
[Result "1/2-1/2"]
[Round "03"]
[TimeControl "180+1"]
[Date "2022.09.27"]
[WhiteClock "0:00:08"]
[BlackClock "0:00:12"]

1. e4 c5 2. Nc3 g6 3. Nge2 Bg7 4. g3 Nc6 5. Bg2 e5 6. O-O Nge7 7. d3 O-O 8. Be3 Nd4 9. Qd2 d6 10. f4 f5 11. Rae1 Be6 12. b3 Qd7 13. Rf2 Rad8 14. Ref1 d5 15. exd5 Nxd5 16. Bxd5 Bxd5 17. fxe5 Bxe5 18. Nxd5 Qxd5 19. Nxd4 Bxd4 20. Bxd4 Qxd4 21. Kg2 Rfe8 22. Re1 b6 23. Rfe2 Kf7 24. Qh6 Qh8 25. Rxe8 Rxe8 26. Rxe8 Kxe8 27. Qf4 Qc3 28. Qb8+ Kd7 29. Qxa7+ Kc6 30. Qxh7 Qxc2+ 31. Kh3 Qxd3 32. Qxg6+ Kb5 33. Qe8+ Kb4 34. Qe5 Qe4 35. Qf4 Qxf4 36. gxf4 b5 37. Kg3 c4 38. bxc4 bxc4 39. Kf3 Kc3 40. a4 Kb2 41. a5 c3 42. a6 c2 43. a7 c1=Q 44. a8=Q Qc3+ 45. Kg2 Qd2+ 46. Kg3 Qe1+ 47. Kh3 Qf1+ 48. Qg2+ Qxg2+ 49. Kxg2 Kc3 50. h4 Kd4 51. h5 Kd5 52. Kg3 Ke6 53. Kh4 Kf6 54. Kh3 Kg7 55. Kg3 Kh7 56. Kh3 Kg7 57. Kg3 Kh7 58. Kh4 Kh6 59. Kg3 Kxh5 60. Kh3 Kh6 61. Kh4 Kg6 62. Kg3 Kh6 63. Kf3 Kh5 64. Kg3 Kg6 65. Kf2 Kh6 66. Ke3 Kh5 67. Kd4 Kh4 68. Ke3 Kg4 69. Ke2 Kxf4 70. Kf2 Ke4 71. Ke2 f4 72. Kf2 Kf5 73. Kf3 Kg5 74. Kf2 Kg4 75. Kg2 f3+ 76. Kf2 Kf4 77. Kf1 Kg3 78. Kg1 f2+ 79. Kf1 Kf3 1/2-1/2


[Site "https://www.chess.com"]

[Event "Titled Tuesday Blitz September 27 Early 2022"]
[White "Cramling Bellon, Anna"]
[Black "Seemann, Jakub"]
[WhiteFideId "32009232"]
[BlackFideId "21874697"]
[WhiteElo "1905"]
[BlackElo "2148"]
[Result "0-1"]
[Round "03"]
[TimeControl "180+1"]
[Date "2022.09.27"]
[WhiteClock "0:00:01"]
[BlackClock "0:00:51"]

1. d4 Nf6 2. c4 g6 3. Nc3 Bg7 4. e4 O-O 5. h3 d6 6. Bg5 c5 7. d5 e6 8. Bd3 exd5 9. exd5 Re8+ 10. Nge2 h6 11. Bh4 Nbd7 12. f4 a6 13. a4 Qc7 14. O-O Nh7 15. Ne4 f5 16. N4c3 Nhf6 17. Ng3 Nf8 18. Re1 Bd7 19. Nf1 N8h7 20. Ne3 Ne4 21. Bxe4 fxe4 22. Qc2 Bd4 23. Kh1 g5 24. fxg5 hxg5 25. Bg3 Nf6 26. Qd2 Nh5 27. Nf5 e3 28. Nxe3 Nxg3+ 29. Kh2 Be5 30. Kg1 Bf4 31. Qf2 Qd8 32. Ng4 Bxg4 33. hxg4 Qf6 34. Rxe8+ Rxe8 35. Re1 Rxe1+ 36. Qxe1 Qd4+ 37. Kh2 Ne4+ 38. Kh3 Nf2+ 0-1


[Site "https://www.chess.com"]

[Event "Titled Tuesday Blitz September 27 Early 2022"]
[White "Crevatin, Leo"]
[Black "Bharath Subramaniyam H"]
[WhiteFideId "1726307"]
[BlackFideId "46634827"]
[WhiteElo "2156"]
[BlackElo "2346"]
[Result "0-1"]
[Round "03"]
[TimeControl "180+1"]
[Date "2022.09.27"]
[WhiteClock "0:00:17"]
[BlackClock "0:00:58"]

1. e4 c5 2. Nf3 e6 3. d4 cxd4 4. Nxd4 a6 5. a3 Nf6 6. Nc3 Qc7 7. f4 d6 8. Be3 b5 9. Be2 Bb7 10. Bf3 Nbd7 11. O-O Nc5 12. e5 dxe5 13. Bxb7 Nxb7 14. fxe5 Qxe5 15. Qf3 Bc5 16. Qc6+ Nd7 17. Qxb7 Qxe3+ 18. Kh1 O-O 19. Qxd7 Qxd4 20. Qc6 Be7 21. Rad1 Qc4 22. Qb7 Bxa3 23. Rxf7 Rxf7 24. Qxa8+ Rf8 25. Qe4 Rf1+ 0-1


[Site "https://www.chess.com"]

[Event "Titled Tuesday Blitz September 27 Early 2022"]
[White "Cruz, Jonathan"]
[Black "Kevlishvili, Robby"]
[WhiteFideId "3802124"]
[BlackFideId "1040634"]
[WhiteElo "2406"]
[BlackElo "2585"]
[Result "1/2-1/2"]
[Round "03"]
[TimeControl "180+1"]
[Date "2022.09.27"]
[WhiteClock "0:00:03"]
[BlackClock "0:00:11"]

1. e4 c5 2. Nf3 d6 3. g3 Nf6 4. d3 g6 5. Bg2 Bg7 6. O-O O-O 7. Re1 Nc6 8. c3 e5 9. Na3 h6 10. Nc2 Be6 11. d4 cxd4 12. cxd4 Bg4 13. h3 Bxf3 14. Bxf3 Re8 15. d5 Nd4 16. Nxd4 exd4 17. Bg2 Qb6 18. b3 Rac8 19. Bb2 Nd7 20. Qd2 Rc7 21. Rac1 Rec8 22. Rxc7 Rxc7 23. Rd1 d3 24. Bxg7 Rc2 25. Qe1 Kxg7 26. Rxd3 Rxa2 27. Re3 Ne5 28. Kh2 g5 29. f4 Ng6 30. Qc3+ Kh7 31. Qf6 Kg8 32. Rf3 Qc5 33. fxg5 Ne5 34. gxh6 Nxf3+ 35. Qxf3 Qd4 36. h7+ Kg7 37. Qh5 Kh8 38. Qxf7 Qg7 39. Qe8+ Kxh7 40. Qh5+ Kg8 41. Qe8+ Qf8 42. Qg6+ Kh8 43. Qh5+ Kg7 44. Qg5+ Kh7 45. Qh5+ Qh6 46. Qf7+ Qg7 47. Qh5+ Kg8 48. Qe8+ Qf8 49. Qg6+ Kh8 50. Qh5+ Kg7 51. Qg5+ Kf7 52. e5 dxe5 53. Qxe5 Qe7 54. Qf5+ Kg7 55. Qg4+ Kf8 56. Qf4+ Ke8 57. Qb8+ Kf7 58. Qf4+ Qf6 59. Qc7+ Kg6 60. Qc8 Qf2 61. Qg8+ Kf6 62. Qe6+ Kg7 63. Qe7+ Kg6 64. Qe6+ Kg7 65. Qe7+ Qf7 66. Qg5+ Qg6 67. Qe7+ Qf7 68. Qg5+ Qg6 69. Qe7+ Kg8 70. Qd8+ Kg7 71. Qe7+ 1/2-1/2


[Site "https://www.chess.com"]

[Event "Titled Tuesday Blitz September 27 Early 2022"]
[White "Czernek, Tymon"]
[Black "Rios Escobar, Adan"]
[WhiteFideId "1199510"]
[BlackFideId "3403645"]
[WhiteElo "2007"]
[BlackElo "2339"]
[Result "1-0"]
[Round "03"]
[TimeControl "180+1"]
[Date "2022.09.27"]
[WhiteClock "0:00:15"]
[BlackClock "0:00:09"]

1. e4 c5 2. Nf3 d6 3. d4 cxd4 4. Nxd4 Nf6 5. Nc3 a6 6. Be3 e5 7. Nb3 Be7 8. h3 Be6 9. f4 exf4 10. Bxf4 Nc6 11. Qe2 Ne5 12. O-O-O Nfd7 13. Nd5 Bxd5 14. exd5 Bg5 15. g3 Qf6 16. Kb1 Bxf4 17. gxf4 Qxf4 18. Bg2 O-O 19. Rhf1 Qb4 20. a3 Qb6 21. Nd4 Rac8 22. Ka2 Rc5 23. Nf5 Rb5 24. b3 a5 25. a4 Rb4 26. Rg1 Nc5 27. Qe3 Nxa4 28. Qg3 Ng6 29. Rge1 Nc5 30. Qxd6 a4 31. Qxb6 Rxb6 32. b4 Rxb4 33. d6 a3 34. Rb1 Rc4 35. Re2 Nf4 36. Rf2 Nxg2 37. Rxg2 Ne4 38. Rb3 g6 39. Ne3 Rc5 40. d7 Rd8 41. Rxb7 Nf6 42. Rd2 Kf8 43. Kxa3 Ke7 44. Kb4 Re5 45. Nc4 Re4 46. Kb5 Rxd7 47. Rdxd7+ Nxd7 48. Nb6 Re5+ 49. Kc6 Re6+ 50. Kb5 Rxb6+ 51. Rxb6 Nxb6 52. Kxb6 f5 53. c4 f4 54. c5 f3 55. c6 f2 56. c7 f1=Q 57. c8=Q Qb1+ 58. Ka5 Qa2+ 59. Kb4 Qb2+ 60. Ka4 Qa2+ 61. Kb4 Qb1+ 62. Ka4 Qe4+ 63. Ka3 Qf3+ 64. Kb2 Qg2+ 65. Ka3 Qxh3+ 66. Qxh3 h5 67. Qf3 Ke6 68. Qf4 Ke7 69. Kb4 Ke6 70. Kc5 Ke7 71. Kd5 1-0


[Site "https://www.chess.com"]

[Event "Titled Tuesday Blitz September 27 Early 2022"]
[White "Dardha, Daniel"]
[Black "Bortnyk, Olexandr"]
[WhiteFideId "240990"]
[BlackFideId "14120828"]
[WhiteElo "2528"]
[BlackElo "2723"]
[Result "0-1"]
[Round "03"]
[TimeControl "180+1"]
[Date "2022.09.27"]
[WhiteClock "0:00:03"]
[BlackClock "0:00:06"]

1. e4 d6 2. d4 Nf6 3. f3 g6 4. c4 Bg7 5. Nc3 h5 6. Be3 c6 7. Qd2 Qc7 8. Rc1 e5 9. Nge2 Nbd7 10. Rd1 exd4 11. Nxd4 Ne5 12. Be2 O-O 13. O-O a6 14. Bh6 Re8 15. Bxg7 Kxg7 16. Qg5 Qe7 17. h3 Nh7 18. Qxe7 Rxe7 19. Nb3 Be6 20. Rxd6 Bxc4 21. Na5 Bxe2 22. Nxe2 Nf8 23. Rfd1 Rb8 24. b4 f6 25. Nd4 Nf7 26. Ndb3 Nxd6 27. Rxd6 Rd7 28. Nc4 Rxd6 29. Nxd6 Ne6 30. Na5 Nd8 31. Kf2 Kf8 32. Ke3 Ke7 33. Ndc4 b6 34. Nb3 Ne6 35. f4 c5 36. f5 gxf5 37. exf5 Ng7 38. bxc5 bxc5 39. g4 hxg4 40. hxg4 Rh8 41. Nxc5 Rh3+ 42. Kd4 Rg3 43. Ne3 Rg1 44. Nd5+ Kf7 45. Ne4 Rxg4 46. Nxf6 Rf4 47. Kc5 Nxf5 48. Kb6 Ng3 49. Nxg3 Rxf6+ 50. Ka5 Re6 51. Nf5 Re5+ 52. Kxa6 Rxf5 53. a4 Ke7 54. Kb6 Kd7 55. a5 Kc8 56. a6 Kb8 0-1


[Site "https://www.chess.com"]

[Event "Titled Tuesday Blitz September 27 Early 2022"]
[White "De Silva, L M S T"]
[Black "Carlsen, Magnus"]
[WhiteFideId "9953698"]
[BlackFideId "1503014"]
[WhiteElo "1727"]
[BlackElo "2830"]
[Result "0-1"]
[Round "03"]
[TimeControl "180+1"]
[Date "2022.09.27"]
[WhiteClock "0:00:47"]
[BlackClock "0:01:56"]

1. e4 c6 2. d4 d5 3. Nc3 a6 4. Nf3 Bg4 5. exd5 cxd5 6. h3 Bh5 7. g4 Bg6 8. Ne5 Nc6 9. Nxc6 bxc6 10. Bg2 e6 11. O-O Bd6 12. Ne2 Qb8 13. b3 h5 14. g5 Ne7 15. c4 O-O 16. c5 Bc7 17. f4 Nf5 18. Kh2 a5 19. Ng3 Nxg3 20. Kxg3 f6 21. h4 e5 22. f5 exd4+ 23. Kh3 Qc8 24. Qf3 fxg5 25. hxg5 Rxf5 0-1


[Site "https://www.chess.com"]

[Event "Titled Tuesday Blitz September 27 Early 2022"]
[White "De Souza, Cristiano Gomes"]
[Black "Wachinger, Guenther"]
[WhiteFideId "2151758"]
[BlackFideId "4604261"]
[WhiteElo "2068"]
[BlackElo "2212"]
[Result "0-1"]
[Round "03"]
[TimeControl "180+1"]
[Date "2022.09.27"]
[WhiteClock "0:00:50"]
[BlackClock "0:00:09"]

1. d4 Nf6 2. c4 e6 3. Nf3 c5 4. d5 b5 5. dxe6 fxe6 6. cxb5 d5 7. g3 Bd6 8. Bh3 O-O 9. O-O Qe7 10. a4 Nbd7 11. Nbd2 e5 12. e4 d4 13. Re1 Bb7 14. b3 Kh8 15. Nh4 g6 16. Bg2 Rf7 17. Nc4 Raf8 18. f4 exf4 19. e5 Nxe5 20. Bxb7 fxg3 21. hxg3 Nfg4 22. Nxd6 Qxd6 23. Bf4 Rxf4 24. gxf4 Qf6 25. Ng2 g5 26. Bd5 gxf4 27. Bf3 Ne3 28. Qd2 Nxf3+ 29. Kf2 Nxd2 0-1


[Site "https://www.chess.com"]

[Event "Titled Tuesday Blitz September 27 Early 2022"]
[White "Di Nicolantonio, Lucas"]
[Black "Spalir, Monika"]
[WhiteFideId "680460"]
[BlackFideId "14609118"]
[WhiteElo "2381"]
[BlackElo "2032"]
[Result "1/2-1/2"]
[Round "03"]
[TimeControl "180+1"]
[Date "2022.09.27"]
[WhiteClock "0:00:12"]
[BlackClock "0:00:04"]

1. d4 Nf6 2. Nf3 d5 3. c4 e6 4. Nc3 dxc4 5. e3 a6 6. Bxc4 b5 7. Bd3 c5 8. O-O Bb7 9. e4 Nc6 10. d5 exd5 11. exd5 Nxd5 12. Bg5 Be7 13. Re1 Nxc3 14. bxc3 f6 15. Qc2 fxg5 16. Rad1 Qc7 17. Nxg5 O-O-O 18. Ne6 Qb6 19. Bf5 Kb8 20. Nxd8 Rxd8 21. h3 Bf6 22. Be4 Ne5 23. Bxb7 Kxb7 24. Rxd8 Qxd8 25. Rxe5 Bxe5 26. Qe4+ Kb6 27. Qxe5 Qd1+ 28. Kh2 Qc2 29. Qd6+ Ka5 30. Qxc5 Qxa2 31. Qb4+ Kb6 32. Qd6+ Ka5 33. Qc7+ Ka4 34. Qxg7 Qc4 35. Qxh7 Qf4+ 36. Kg1 Qc1+ 37. Kh2 Qf4+ 38. Kg1 Qc1+ 39. Kh2 Qf4+ 1/2-1/2


[Site "https://www.chess.com"]

[Event "Titled Tuesday Blitz September 27 Early 2022"]
[White "Dilmukhametov, Artur"]
[Black "Gallegos Diaz, Carlos Alberto"]
[WhiteFideId "24179922"]
[BlackFideId "3900886"]
[WhiteElo "2206"]
[BlackElo "2362"]
[Result "0-1"]
[Round "03"]
[TimeControl "180+1"]
[Date "2022.09.27"]
[WhiteClock "0:00:30"]
[BlackClock "0:00:24"]

1. e4 d6 2. d4 Nf6 3. Nc3 c6 4. Bd2 e5 5. d5 Be7 6. Nge2 O-O 7. f4 cxd5 8. Nxd5 Nxe4 9. Nxe7+ Qxe7 10. fxe5 dxe5 11. Bc3 Nc6 12. Qd3 Bf5 13. Qf3 Bg6 14. Ng3 Nxc3 15. Qxc3 Rac8 16. Bd3 Nd4 17. Qd2 Bxd3 18. cxd3 Nc2+ 19. Kf2 Qc5+ 20. Ke2 Nxa1 21. Rxa1 f5 22. Kd1 Qd4 23. Ne2 Qf2 24. g3 e4 25. dxe4 Rfd8 26. Qxd8+ Rxd8+ 27. Kc2 Qxe2+ 0-1


[Site "https://www.chess.com"]

[Event "Titled Tuesday Blitz September 27 Early 2022"]
[White "Dowgird, Filip"]
[Black "Bluebaum, Matthias"]
[WhiteFideId "1121235"]
[BlackFideId "24651516"]
[WhiteElo "2215"]
[BlackElo "2633"]
[Result "0-1"]
[Round "03"]
[TimeControl "180+1"]
[Date "2022.09.27"]
[WhiteClock "0:00:02"]
[BlackClock "0:00:18"]

1. d4 Nf6 2. Bf4 d5 3. e3 c5 4. c3 Nc6 5. Nd2 Bf5 6. Ngf3 e6 7. Nh4 Be4 8. f3 Bg6 9. Qb3 Qc8 10. Nxg6 hxg6 11. h3 Be7 12. g4 Nd7 13. O-O-O cxd4 14. exd4 Nxd4 15. Qa4 Nc6 16. Kb1 a6 17. Qc2 b5 18. Nb3 Qb7 19. Bd3 a5 20. Bxg6 a4 21. Nc1 fxg6 22. Qxg6+ Kf8 23. Qxe6 Nf6 24. g5 Qd7 25. Qxd7 Nxd7 26. Rxd5 Nb6 27. Rxb5 Nc4 28. h4 g6 29. Bg3 Kf7 30. Rd1 Rhd8 31. Rxd8 Rxd8 32. Bf4 Rd1 33. Kc2 Rf1 34. Nd3 Rxf3 35. Bc1 Rh3 36. b3 axb3+ 37. axb3 Rh2+ 38. Kd1 Nd6 39. Rb6 Na5 40. Bf4 Rh1+ 41. Ke2 Ne4 42. Ne5+ Ke8 43. Nxg6 Nxc3+ 44. Kf3 Nd5 45. Rb5 Nxf4 46. Kxf4 Nc6 47. Kg4 Bd6 48. h5 Rg1+ 49. Kh3 Nd4 50. Rd5 Rg3+ 51. Kh2 Nf3+ 0-1


[Site "https://www.chess.com"]

[Event "Titled Tuesday Blitz September 27 Early 2022"]
[White "Eisa Mohmood, Alkhoori"]
[Black "Zenin, Dmitry"]
[WhiteFideId "9316116"]
[BlackFideId "4127897"]
[WhiteElo "1245"]
[BlackElo "2215"]
[Result "0-1"]
[Round "03"]
[TimeControl "180+1"]
[Date "2022.09.27"]
[WhiteClock "0:00:04"]
[BlackClock "0:00:30"]

1. e4 e5 2. Nf3 Nc6 3. Bb5 a6 4. Ba4 Nf6 5. d4 exd4 6. O-O Be7 7. Re1 b5 8. Bb3 d6 9. h3 O-O 10. c3 dxc3 11. Nxc3 Na5 12. Bc2 Bb7 13. Bf4 Nc4 14. b3 Nb6 15. Qd2 Nfd7 16. Rad1 Bf6 17. Nd5 Nxd5 18. exd5 Nb6 19. Ng5 g6 20. Ne4 Bg7 21. Bh6 Nxd5 22. Bxg7 Kxg7 23. Qd4+ Nf6 24. Re3 Re8 25. Rde1 Bxe4 26. Bxe4 Rb8 27. Bc6 Rxe3 28. Rxe3 Kg8 29. h4 d5 30. h5 Qd6 31. Rf3 Nxh5 32. Bxd5 Rf8 33. Qe4 Nf6 0-1


[Site "https://www.chess.com"]

[Event "Titled Tuesday Blitz September 27 Early 2022"]
[White "Eljanov, Pavel"]
[Black "Lewtak, Damian"]
[WhiteFideId "14102951"]
[BlackFideId "1141724"]
[WhiteElo "2601"]
[BlackElo "2329"]
[Result "0-1"]
[Round "03"]
[TimeControl "180+1"]
[Date "2022.09.27"]
[WhiteClock "0:00:40"]
[BlackClock "0:00:41"]

1. c4 b6 2. d4 Bb7 3. Nc3 Nf6 4. d5 e5 5. Nf3 d6 6. e4 Nbd7 7. Be2 g6 8. O-O Be7 9. Bh6 Ng4 10. Bd2 h5 11. b4 h4 12. h3 Ngf6 13. a4 Nh5 14. a5 Nf4 15. Re1 Bf6 16. Bf1 Kf8 17. a6 Bc8 18. Nb5 Kg7 19. Qc1 g5 20. Nh2 Nb8 21. c5 bxc5 22. bxc5 Nxa6 23. Nxd6 cxd6 24. Bxa6 Bxa6 25. Rxa6 Nd3 26. Qd1 Nxc5 27. Rc6 Rc8 28. Ng4 Rxc6 29. dxc6 Ne6 30. Be3 Qc7 31. Qf3 Nf4 32. Bxf4 gxf4 33. Rc1 Rb8 34. Nh2 Rb6 35. Qg4+ Kf8 36. Qf5 Bg7 37. Nf3 Rxc6 38. Rxc6 Qxc6 39. Nxh4 a5 40. Nf3 a4 41. Ng5 Qe8 42. Ne6+ Qxe6 0-1


[Site "https://www.chess.com"]

[Event "Titled Tuesday Blitz September 27 Early 2022"]
[White "Ernst, Sipke"]
[Black "Mendez Fortes, Eduardo Jesus"]
[WhiteFideId "1004689"]
[BlackFideId "3502376"]
[WhiteElo "2436"]
[BlackElo "2307"]
[Result "1-0"]
[Round "03"]
[TimeControl "180+1"]
[Date "2022.09.27"]
[WhiteClock "0:02:08"]
[BlackClock "0:00:14"]

1. d4 Nf6 2. c4 e6 3. Nc3 Bb4 4. a3 Bxc3+ 5. bxc3 O-O 6. f3 c5 7. e4 d6 8. Bd3 b6 9. Ne2 Nc6 10. O-O h6 11. Be3 e5 12. d5 Na5 13. Ng3 Ba6 14. Qe2 Bc8 15. Kh1 Bd7 16. h3 Rc8 17. f4 b5 18. cxb5 c4 19. Bc2 exf4 20. Rxf4 Re8 21. Raf1 Nb3 22. Rxf6 gxf6 23. Qh5 Re5 24. Qxh6 Qf8 25. Qh4 f5 26. Nh5 Qe7 27. Nf6+ Kg7 28. Qh6# 1-0


[Site "https://www.chess.com"]

[Event "Titled Tuesday Blitz September 27 Early 2022"]
[White "Estrada Nieto, Julian"]
[Black "Thiel, Thomas"]
[WhiteFideId "5101018"]
[BlackFideId "4615964"]
[WhiteElo "2252"]
[BlackElo "2199"]
[Result "1-0"]
[Round "03"]
[TimeControl "180+1"]
[Date "2022.09.27"]
[WhiteClock "0:01:05"]
[BlackClock "0:01:52"]

1. e4 d5 2. exd5 Nf6 3. d4 Nxd5 4. Nf3 g6 5. Bc4 Bg7 6. O-O O-O 7. h3 Nc6 8. c3 e5 9. dxe5 Nb6 10. Bb3 Qxd1 11. Rxd1 Nxe5 12. Nxe5 Bxe5 13. Bh6 Bg7 14. Bxg7 Kxg7 15. Nd2 c6 16. Ne4 Re8 17. Nd6 Re7 18. a4 a5 19. Rd2 Nd7 20. Rad1 Nc5 21. Bc2 b6 22. Nc4 Rb8 23. Rd8 Rd7 24. R1xd7 Nxd7 25. Nd6 Ba6 26. Rxd7 1-0


[Site "https://www.chess.com"]

[Event "Titled Tuesday Blitz September 27 Early 2022"]
[White "Evdokimov, Alexey"]
[Black "Ahn, Hongjin"]
[WhiteFideId "24162450"]
[BlackFideId "13201492"]
[WhiteElo "2147"]
[BlackElo "1873"]
[Result "0-1"]
[Round "03"]
[TimeControl "180+1"]
[Date "2022.09.27"]
[WhiteClock "0:00:33"]
[BlackClock "0:00:36"]

1. e4 c5 2. Nf3 Nf6 3. e5 Nd5 4. a3 Nc6 5. Bc4 Nb6 6. Ba2 d5 7. c3 Bg4 8. Qe2 e6 9. h3 Bxf3 10. gxf3 Qh4 11. d3 Be7 12. f4 h5 13. Qf3 g5 14. Rg1 O-O-O 15. Be3 Rhg8 16. d4 gxf4 17. Rxg8 Rxg8 18. Bxf4 Rg1+ 19. Ke2 cxd4 20. Bg3 Qg5 21. Qxf7 d3+ 22. Kxd3 Rxg3+ 23. fxg3 Nxe5+ 0-1


[Site "https://www.chess.com"]

[Event "Titled Tuesday Blitz September 27 Early 2022"]
[White "Ferreira, Vitor Hugo Vieira"]
[Black "Navarrete Mendez, Gonzalo Alberto"]
[WhiteFideId "2119765"]
[BlackFideId "5106850"]
[WhiteElo "2168"]
[BlackElo "2261"]
[Result "0-1"]
[Round "03"]
[TimeControl "180+1"]
[Date "2022.09.27"]
[WhiteClock "0:00:59"]
[BlackClock "0:00:05"]

1. e4 e5 2. Nf3 Nc6 3. Bb5 a6 4. Ba4 d6 5. O-O Nf6 6. Re1 b5 7. Bb3 Be7 8. c3 O-O 9. d4 Bg4 10. d5 Na5 11. Bc2 c6 12. h3 Bh5 13. dxc6 Qc7 14. Nbd2 Qxc6 15. Nf1 Bg6 16. Ng3 Rfd8 17. Qe2 Rac8 18. Bg5 Nc4 19. Rab1 h6 20. Bc1 Nb6 21. Nh4 Kh7 22. Nhf5 Bf8 23. Qf3 Re8 24. Nxh6 d5 25. exd5 Nbxd5 26. Bxg6+ fxg6 27. Nf7 Bc5 28. Bd2 Kg8 29. Nxe5 Qd6 30. Nd3 Bb6 31. Nf4 Rf8 32. Re2 Nh5 33. Qxd5+ Qxd5 34. Nxd5 Nxg3 35. Nxb6 Nxe2+ 36. Kf1 Rce8 37. Nd7 Ng3+ 38. Kg1 Ne2+ 39. Kh1 Rxf2 40. Nc5 Ng3+ 41. Kh2 Nf1+ 42. Kg1 Nxd2 43. Rd1 Ree2 44. Nd3 Rxg2+ 45. Kh1 Rh2+ 46. Kg1 Reg2# 0-1


[Site "https://www.chess.com"]

[Event "Titled Tuesday Blitz September 27 Early 2022"]
[White "Fiorito, Francisco"]
[Black "Tari, Aryan"]
[WhiteFideId "180165"]
[BlackFideId "1510045"]
[WhiteElo "1787"]
[BlackElo "2612"]
[Result "0-1"]
[Round "03"]
[TimeControl "180+1"]
[Date "2022.09.27"]
[WhiteClock "0:00:03"]
[BlackClock "0:00:18"]

1. d4 Nf6 2. Nf3 g6 3. g3 Bg7 4. Bg2 O-O 5. O-O b5 6. Ne5 d5 7. c3 Bb7 8. Nd2 Nbd7 9. Nd3 Ne4 10. Nxe4 dxe4 11. Nc5 Nxc5 12. dxc5 e6 13. Bf4 Qe7 14. Be3 a5 15. Qb3 Bd5 16. Qc2 f5 17. Rad1 a4 18. b3 axb3 19. axb3 Ra3 20. Rb1 Rfa8 21. Bd4 e5 22. Be3 Qe6 23. c4 bxc4 24. bxc4 Bxc4 25. Rfc1 Bd5 26. c6 R3a6 27. Qd2 Rxc6 28. Rxc6 Qxc6 29. Rc1 Ra2 30. Rxc6 Rxd2 31. Rxc7 Rd1+ 32. Bf1 h6 33. h4 Be6 34. Kg2 Rd6 35. Ra7 Bf7 36. Bc5 Rc6 37. Be7 f4 38. f3 e3 39. gxf4 exf4 40. Ra8+ Kh7 41. Bf8 Bxf8 42. Rxf8 Kg7 43. Ra8 Rc2 44. Ra7 Kf6 45. Ra6+ Be6 46. Kg1 Rc1 47. Kg2 g5 48. hxg5+ hxg5 49. Rb6 Ke5 50. Rb5+ Bd5 51. Kg1 Kd4 52. Rb4+ Bc4 53. Ra4 Kc5 54. Kg2 Re1 55. Ra5+ Bb5 56. Kg1 Kb4 0-1


[Site "https://www.chess.com"]

[Event "Titled Tuesday Blitz September 27 Early 2022"]
[White "Flis, Pawel"]
[Black "Mihailidis, Anastasios"]
[WhiteFideId "1112864"]
[BlackFideId "4205588"]
[WhiteElo "1735"]
[BlackElo "2312"]
[Result "0-1"]
[Round "03"]
[TimeControl "180+1"]
[Date "2022.09.27"]
[WhiteClock "0:00:10"]
[BlackClock "0:00:01"]

1. Nf3 d5 2. g3 e6 3. Bg2 Nf6 4. O-O Be7 5. d3 O-O 6. Nbd2 c5 7. e4 Nc6 8. Re1 b5 9. e5 Nd7 10. h4 a5 11. Qe2 Qb6 12. Nf1 Bb7 13. N1h2 c4 14. Ng4 cxd3 15. cxd3 Rac8 16. Bg5 Bxg5 17. Nxg5 Nd4 18. Qe3 Nc2 19. Qf4 Nxa1 20. Rxa1 h6 21. Nf6+ gxf6 22. exf6 Qc7 23. Qf3 Qe5 24. Ne4 Kh7 25. Qg4 Rg8 26. Ng5+ Rxg5 27. hxg5 Qxg5 28. Qf3 Qxf6 29. Qe3 Qg5 30. Re1 Qxe3 31. Rxe3 Rc2 32. Rf3 Kg7 33. a4 Rxb2 34. axb5 Rxb5 35. d4 a4 36. Ra3 Nb6 37. Bf1 Rb3 38. Ra2 a3 39. Kg2 Nc4 40. Kh3 Rb2 41. Ra1 a2 42. Bd3 Nd2 43. Kg2 Nb3 44. Rxa2 Rxa2 45. Bb5 Nxd4 46. Be8 Bc6 47. Bd7 Bxd7 48. g4 Kg6 49. Kg3 f5 50. f4 Ra3+ 51. Kf2 Rf3+ 52. Ke1 Rxf4 53. gxf5+ Rxf5 54. Kd2 e5 55. Kd3 Rf4 56. Kc3 Kf5 57. Kb4 e4 58. Kc5 Ke5 59. Kb6 e3 60. Kc7 e2 61. Kxd7 e1=Q 62. Ke7 Qb4+ 63. Kd7 Rf7+ 64. Ke8 Qb7 65. Kd8 Nc6+ 66. Ke8 Qe7# 0-1


[Site "https://www.chess.com"]

[Event "Titled Tuesday Blitz September 27 Early 2022"]
[White "Foerster-Yialamas, Lucas"]
[Black "Rom, Jasper"]
[WhiteFideId "30901774"]
[BlackFideId "2023733"]
[WhiteElo "1804"]
[BlackElo "2233"]
[Result "1-0"]
[Round "03"]
[TimeControl "180+1"]
[Date "2022.09.27"]
[WhiteClock "0:00:30"]
[BlackClock "0:00:03"]

1. e4 e6 2. d4 d5 3. Nc3 Nf6 4. e5 Nfd7 5. f4 c5 6. Nf3 Nc6 7. Be3 Be7 8. Qd2 O-O 9. O-O-O c4 10. f5 b5 11. g4 b4 12. Ne2 Qa5 13. Kb1 Nb6 14. h4 Na4 15. f6 gxf6 16. exf6 Bxf6 17. Bh6 Nxb2 18. Qf4 Be7 19. Bxf8 Kxf8 20. Ng5 Nd8 21. Nxh7+ Ke8 22. Kxb2 Qa3+ 23. Kb1 b3 24. axb3 cxb3 25. Nc3 Nc6 26. Bb5 Bd7 27. Bxc6 Bxc6 28. Qc7 Bd7 29. Qb7 Rc8 30. Qxb3 Qa5 31. Rh3 Bd6 32. Nf6+ Kd8 33. Nxd7 Kxd7 34. Qb5+ Qxb5+ 35. Nxb5 Rb8 36. Rb3 1-0


[Site "https://www.chess.com"]

[Event "Titled Tuesday Blitz September 27 Early 2022"]
[White "Forgacs, Attila Jr."]
[Black "Xu, Yi"]
[WhiteFideId "773654"]
[BlackFideId "8605564"]
[WhiteElo "2062"]
[BlackElo "2471"]
[Result "0-1"]
[Round "03"]
[TimeControl "180+1"]
[Date "2022.09.27"]
[WhiteClock "0:00:02"]
[BlackClock "0:01:25"]

1. e4 c5 2. Nf3 d6 3. d4 cxd4 4. Nxd4 Nf6 5. Nc3 a6 6. f3 e5 7. Nb3 h5 8. Be3 Be7 9. Nd5 Nxd5 10. exd5 Bf5 11. Qd2 Nd7 12. Be2 Bh4+ 13. g3 Be7 14. O-O Rc8 15. c4 O-O 16. Rac1 b6 17. f4 exf4 18. Bxf4 Bg6 19. Nd4 Ne5 20. Bxe5 dxe5 21. Nf3 e4 22. Ne5 Bg5 23. Qd4 Bxc1 24. Rxc1 Qd6 25. Rf1 h4 26. Bg4 f5 27. Bh3 hxg3 28. hxg3 Rce8 29. Nc6 Qxg3+ 30. Bg2 f4 31. d6 f3 32. Qd5+ Bf7 33. Qd2 e3 0-1


[Site "https://www.chess.com"]